 Dungeon Crawl Stone Soup version 0.24.0-10-g970556be89 (webtiles) character file.

Game seed: 4058696983978916462, levelgen mode: deterministic

8383 Curus the Spear-Bearer (level 11, 0/101 HPs)
             Began as a Minotaur Fighter on Nov 4, 2019.
             Was an Elder of Qazlal.
             Shot with an arrow by a centaur (6 damage)
             ... on level 10 of the Dungeon.
             The game lasted 00:41:30 (6879 turns).

Curus the Spear-Bearer (Minotaur Fighter)           Turns: 6879, Time: 00:41:30

Health: 0/101      AC: 24    Str: 27    XL:     11   Next: 9%
Magic:  11/11      EV:  5    Int:  7    God:    Qazlal [****..]
Gold:   230        SH: 16    Dex: 10    Spells: 10/10 levels left

rFire    + . .     SeeInvis .   a - +4 trident
rCold    + . .     Gourm    .   c - +1 shield
rNeg     . . .     Faith    .   q - +0 plate armour
rPois    .         Spirit   .   (helmet restricted)
rElec    .         Reflect  .   n - +0 cloak
rCorr    .         Harm     .   E - +0 pair of gloves
MR       +....     Rnd*Rage +   v - +1 pair of boots {Fly}
Stlth    ..........             (no amulet)
HPRegen  0.26/turn              l - ring of protection from magic
MPRegen  0.12/turn              o - ring of protection from fire

@: mighty, flying, repel missiles
A: retaliatory headbutt, horns 2, iridescent scales 1, thin metallic scales 1,
berserk 1, cold resistance 1, high mp 1, sense surroundings 1
a: Upheaval, Elemental Force, Renounce Religion, Stop Flying


You were on level 10 of the Dungeon.
You worshipped Qazlal.
Qazlal was greatly pleased with you.
You were not hungry.

You visited 2 branches of the dungeon, and saw 11 of its levels.

You collected 475 gold pieces.
You spent 245 gold pieces at shops.

Inventory:

Hand Weapons
 a - a +4 trident (weapon)
 y - a +1 vampiric glaive
 A - a +2 trident of pain
Armour
 b - a +0 scale mail
 c - a +1 shield (worn)
 e - a +0 chain mail
 j - a +1 pair of boots
 n - a +0 cloak (worn)
 q - a +0 plate armour (worn)
 v - a +1 pair of boots of flying (worn)
 E - a +0 pair of gloves (worn)
Jewellery
 l - a ring of protection from magic (left hand)
 o - a ring of protection from fire (right hand)
 u - a -2 ring of slaying
Wands
 s - a wand of digging (6)
 w - a wand of disintegration (8)
 B - a wand of paralysis (7)
 C - a wand of flame (20)
Scrolls
 g - 4 scrolls of identify
 h - 5 scrolls of teleportation
 p - 5 scrolls of amnesia
 x - 2 scrolls of fog
 z - a scroll of remove curse
 D - a scroll of magic mapping
 F - a scroll of summoning {unknown}
Potions
 d - 2 potions of might
 i - 2 potions of flight
 k - a potion of agility
 m - a potion of curing
 r - a potion of haste
 t - 2 potions of cancellation
Comestibles
 f - 20 rations
 G - a chunk of flesh


   Skills:
 + Level 10.7 Fighting
 - Level 14.2 Polearms
 + Level 10.8 Armour
 - Level 3.6 Shields


You had 10 spell levels left.
You didn't know any spells.
Your spell library contained the following spells:

 Spells                   Type           Power        Failure   Level  Hunger
 Corona                   Hex            #......      100%        1    ##.....
 Ensorcelled Hibernation  Hex/Ice        #.....       100%        2    ###....
 Swiftness                Chrm/Air       #.......     100%        2    ###....
 Confuse                  Hex            #.......     100%        3    ####...
 Dazzling Spray           Conj/Hex       #.....       100%        3    ####...
 Spectral Weapon          Hex/Chrm       #.......     100%        3    ####...
 Tukima's Dance           Hex            #.......     100%        3    ####...
 Iskenderun's Battlesphe  Conj/Chrm      #.......     100%        5    ######.


Dungeon Overview and Level Annotations

Branches:
Dungeon (10/15)            Temple (1/1) D:4
   Lair: D:8-11         Orc: D:9-12

Altars:
Ashenzari
Dithmenos
Kikubaaqudgha
Makhleb
Qazlal
Trog
Xom
Zin

Shops:
D:7 ?   D:9 }


Innate Abilities, Weirdness & Mutations

You reflexively headbutt those who attack you in melee.
You have a pair of horns on your head.
You are partially covered in iridescent scales. (AC +2)
You are partially covered in thin metallic scales. (AC +2)
You tend to lose your temper in combat.
Your flesh is cold resistant. (rC+)
You have an increased reservoir of magic. (+10% MP)
You passively map a small area around you.


Message History

Evoke which item? (* to show all) (? for menu, Esc to quit)
Aiming: Disintegrate
Press: ? - help, Shift-Dir - straight line, f - skeletal warrior
Aim: a skeletal warrior, wielding a +0 mace (chance to defeat MR: 7%)
Okay, then.
Unknown command.
Unknown command.
You feel very mighty all of a sudden.
A skeletal warrior comes into view. It is wielding a +0 trident.
You impale the skeletal warrior!!
The skeletal warrior is moderately damaged.
The skeletal warrior hits you from afar with a +0 trident!
* * * LOW HITPOINT WARNING * * *
The skeletal warrior hits you with a +0 mace.
* * * LOW HITPOINT WARNING * * *
Unknown command.
A centaur comes into view.
The centaur wields a +0 shortbow.
The centaur shoots an arrow.
The arrow hits you.
You die...

*,*,,,*,,,,****,,8*...,,,,,,,,,,*
***,****,,,,,,****#..**,,,,,,,,,*
*,,,,,***,,,,,,,*#..,**,,*****,**
,,*,*,,***,,,,,##..,,***,* *,,,
,,,,,,,,****,**#.c**,***,*****,,,
,,,,,,,,,*,,,,,#.#**,,**,,,,,,,,,
,,_,_,,,,*,**,*#.# **,,,,,,,,,,,*
,,,⌠,,,,,,**,**#.# *,,,*,,,,,,,,
,,_,_,,,,**,**,#@# **,,*,*,,,,,,,
,,,,,,,,,*,,,,,#.# *,,*,_,*,**,,,
,,,,,,,,*******#z# *,,,*,*,,,*,,*
,,*,*,,**......z.# *,,,,*,,,,*,,,
*,,,,,**,.########**,,,,,,,,,*,**
***,***,,,,,,,,,,,,,,,,,,,,*,*,,,
,,,,,,,,,,******************,,,**
*,,,,,,,,** **,,* **********
*,>**


You could see 2 skeletal warriors and a centaur.

Vanquished Creatures
  3 two-headed ogres (D:10)
  An orc knight (D:10)
  A deep elf mage (D:10)
  Psyche (D:8)
  A hornet (D:10)
  Prince Ribbit (D:7)
  2 hippogriffs (D:9)
  Menkaure (D:5)
  2 water moccasins
  An ice beast (D:10)
  4 orc warriors
  4 necrophages
  An ogre (D:8)
  2 sky beasts
  5 centaurs
  3 big kobolds
  Blork the orc (D:5)
  6 bullfrogs
  A wyvern zombie (D:7)
  4 scorpions
  5 wights (D:9)
  4 crimson imps
  A quasit (D:7)
  A bullfrog zombie (D:7)
  5 jellies
  A centaur zombie (D:5)
  6 hounds
  A bullfrog skeleton (D:5)
  7 orc priests
  2 centaur skeletons
  4 iguanas
  6 orc wizards
  6 worker ants
  A hound skeleton (D:5)
  7 adders
  12 gnolls
  A howler monkey skeleton (D:4)
  9 shadow imps
  3 adder zombies
  6 oozes
  2 adder skeletons (D:7)
  2 worms
  A dart slug (D:2)
  8 leopard geckos
  34 orcs
  3 bats
  A bat zombie (D:1)
  3 giant cockroaches
  4 hobgoblins
  9 jackals
  14 kobolds
  4 quokkas
  A ball python (D:3)
  6 frilled lizards
  5 goblins
  A jackal skeleton (D:4)
  A quokka skeleton (D:7)
  6 rats
238 creatures vanquished.

Notes
Turn   | Place    | Note
-------+----------+-------------------------------------------
     0 | D:1      | Curus the Minotaur Fighter began the quest for the Orb.
     0 | D:1      | Reached XP level 1. HP: 19/19 MP: 0/0
    20 | D:1      | Reached skill level 3 in Polearms
   158 | D:1      | Reached XP level 2. HP: 26/26 MP: 1/1
   217 | D:1      | Reached skill level 4 in Polearms
   289 | D:1      | Gained mutation: You tend to lose your temper in combat.
                  | [potion of mutation]
   289 | D:1      | Gained mutation: Your flesh is cold resistant. (rC+)
                  | [potion of mutation]
   289 | D:1      | Gained mutation: Your body sometimes deteriorates upon
                  | taking damage. [potion of mutation]
   289 | D:1      | Gained mutation: You are resistant to hostile enchantments.
                  | (MR+) [potion of mutation]
   752 | D:2      | Reached XP level 3. HP: 28/31 MP: 2/2
   882 | D:2      | Reached skill level 5 in Polearms
  1223 | D:2      | Reached XP level 4. HP: 27/39 MP: 3/3
  1883 | D:2      | Lost mutation: You are resistant to hostile enchantments.
                  | (MR+) [potion of mutation]
  1883 | D:2      | Lost mutation: Your body sometimes deteriorates upon taking
                  | damage. [potion of mutation]
  1883 | D:2      | Gained mutation: You are partially covered in iridescent
                  | scales. (AC +2) [potion of mutation]
  1883 | D:2      | Gained mutation: You have an increased reservoir of magic.
                  | (+10% MP) [potion of mutation]
  1883 | D:2      | Gained mutation: You passively map a small area around you.
                  | [potion of mutation]
  1883 | D:2      | Gained mutation: You are partially covered in thin metallic
                  | scales. (AC +2) [potion of mutation]
  1967 | D:3      | Reached skill level 6 in Polearms
  1980 | D:3      | Noticed a big kobold
  1987 | D:3      | Killed a big kobold
  1987 | D:3      | Reached XP level 5. HP: 45/45 MP: 4/4
  2163 | D:3      | Reached skill level 7 in Polearms
  2349 | D:4      | Reached XP level 6. HP: 42/51 MP: 5/5
  2425 | D:4      | Reached skill level 8 in Polearms
  2672 | D:4      | Identified Laocwof's Disquisition on Good Luck
  2716 | D:4      | Found a staircase to the Ecumenical Temple.
  2754 | Temple   | Entered the Ecumenical Temple
  2767 | Temple   | Became a worshipper of Qazlal Stormbringer
  2830 | D:4      | Found Zin's Purification Station.
  2833 | D:4      | Found a glowing silver altar of Zin.
  2838 | D:4      | Bought a potion of curing for 90 gold pieces
  2960 | D:5      | Entered Level 5 of the Dungeon
  3007 | D:5      | Reached skill level 9 in Polearms
  3007 | D:5      | Reached XP level 7. HP: 57/57 MP: 6/6
  3193 | D:5      | Noticed Blork the orc
  3205 | D:5      | Killed Blork the orc
  3257 | D:5      | Reached skill level 10 in Polearms
  3367 | D:5      | Noticed Menkaure
  3379 | D:5      | Killed Menkaure
  3407 | D:5      | Reached * piety under Qazlal
  3569 | D:6      | Reached skill level 11 in Polearms
  3594 | D:6      | Reached XP level 8. HP: 64/64 MP: 7/7
  3977 | D:6      | Reached skill level 12 in Polearms
  4440 | D:7      | Reached ** piety under Qazlal
  4512 | D:7      | Reached skill level 13 in Polearms
  4646 | D:7      | Reached XP level 9. HP: 70/70 MP: 8/8
  4760 | D:7      | Noticed Prince Ribbit
  4819 | D:7      | Found Dylealo's Magic Scroll Shop.
  4844 | D:7      | Killed Prince Ribbit
  4844 | D:7      | Reached skill level 14 in Polearms
  4847 | D:7      | Bought a scroll of fog for 20 gold pieces
  4847 | D:7      | Bought a scroll of teleportation for 30 gold pieces
  4847 | D:7      | Bought a scroll of enchant weapon for 75 gold pieces
  4931 | D:7      | Found a shattered altar of Ashenzari.
  4971 | D:7      | Bought a scroll of remove curse for 30 gold pieces
  5094 | D:8      | Identified a scroll of acquirement
  5255 | D:8      | Reached *** piety under Qazlal
  5342 | D:8      | Reached skill level 5 in Fighting
  5342 | D:8      | Reached skill level 5 in Armour
  5401 | D:8      | Noticed Psyche
  5413 | D:8      | Killed Psyche
  5896 | D:9      | Found a shimmering altar of Xom.
  5970 | D:9      | Reached XP level 10. HP: 41/85 MP: 10/10
  6189 | D:9      | Found Garhec Melio's Gadget Shoppe.
  6648 | D:10     | Entered Level 10 of the Dungeon
  6650 | D:10     | Reached **** piety under Qazlal
  6715 | D:10     | Noticed a two-headed ogre
  6725 | D:10     | Killed a two-headed ogre
  6746 | D:10     | Noticed an orc knight
  6747 | D:10     | Noticed a two-headed ogre
  6754 | D:10     | Killed a two-headed ogre
  6757 | D:10     | Noticed a deep elf mage
  6768 | D:10     | Killed an orc knight
  6768 | D:10     | Reached skill level 10 in Fighting
  6768 | D:10     | Reached skill level 10 in Armour
  6772 | D:10     | Killed a deep elf mage
  6780 | D:10     | HP: 2/94 [disintegration (32)]
  6858 | D:10     | Noticed a two-headed ogre
  6869 | D:10     | Killed a two-headed ogre
  6869 | D:10     | Reached XP level 11. HP: 15/101 MP: 11/11
  6875 | D:10     | Noticed a skeletal warrior
  6877 | D:10     | Noticed a skeletal warrior
  6878 | D:10     | HP: 5/101 [skeletal warrior/+0 mace[a skeletal warrior]
                  | (3)]
  6879 | D:10     | Shot with an arrow by a centaur

Levels and vault maps discovered:
D:1:      saegor_arrival_fortress, layout_basic, minmay_statues_item
D:2:      layout_rooms
D:3:      cheibrodos_thug_alley, layout_loops_ring, first_ration
D:4:      layout_gridville, zin_purify, minmay_temple_entry_slanted
D:5:      layout_basic, uniq_menkaure, uniq_blork_the_orc
D:6:      layout_loops_ring, nicolae_sextant
D:7:      layout_rooms, kennysheep_mini_moat, kennysheep_small_square,
          uniq_prince_ribbit1
D:8:      layout_loops_cross, hangedman_little_slice_of_home, uniq_psyche
D:9:      layout_irregular_city, basic_altar, serial_shops, nicolae_shop_trees
D:10:     minmay_the_grid_octo_tiled_squarecenter [minmay_the_grid_octo_shrine,
          minmay_the_grid_octo_77, minmay_the_grid_octo_toaster,
          minmay_the_grid_octo_vomiting_pacman,
          minmay_the_grid_square_5x5_megaprize_crossed,
          minmay_the_grid_square_5x5_shrine2,
          minmay_the_grid_square_5x5_dogpile, minmay_the_grid_square_5x5_z,
          minmay_the_grid_square_5x5_bridge], layout_basic,
          gammafunk_ghost_nasty_kobolds, minmay_misc_feat_encased,
          okawaru_metal_pillars_3
Temple:   regret_index_temple_chain_breaker

Skill      XL: |  1  2  3  4  5  6  7  8  9 10 |
---------------+-------------------------------+-----
Polearms       | 3 4 5 6 7 9 11 13 14 | 14.2
Fighting       | 7 10 | 10.7
Armour         | 7 10 | 10.8
Shields        | |  3.6

Action                   |  1- 3 |  4- 6 |  7- 9 | 10-12 || total
-------------------------+-------+-------+-------+-------++-------
Melee: Trident           |    83 |   142 |   442 |   156 ||   823
       Headbutt          |     8 |    14 |    68 |    37 ||   127
Invok: Upheaval          |       |       |       |     1 ||     1
Evoke: Wand              |       |       |       |     2 ||     2
  Use: Potion            |     7 |     2 |     1 |     2 ||    12
       Scroll            |     7 |     5 |     5 |     2 ||    19
  Eat: Chunk             |     1 |     6 |    10 |     3 ||    20
Armor: Scale mail        |    19 |       |       |       ||    19
       Chain mail        |    18 |    77 |    17 |       ||   112
       Plate armour      |       |       |   168 |    37 ||   205
Dodge: Dodged            |    22 |    28 |    38 |     9 ||    97
       Deflected         |       |       |       |     2 ||     2
Block: Shield            |    23 |    65 |   177 |    65 ||   330
